 Dungeon Crawl Stone Soup version 0.20.0-15-g7f486f2 (webtiles) character file.

59 renl the Chopper (level 4, -1/40 HPs)
             Began as a Hill Orc Monk on July 1, 2017.
             Was a Believer of Cheibriados.
             Killed from afar by Sigmund (3 damage)
             ... with a magic dart
             ... on level 2 of the Dungeon.
             The game lasted 00:06:32 (1026 turns).

renl the Chopper (Hill Orc Monk)                    Turns: 1026, Time: 00:06:32

Health: -1/40      AC: 10    Str: 20    XL:     4   Next: 3%
Magic:  4/4        EV:  7    Int: 16    God:    Cheibriados [**....]
Gold:   115        SH:  0    Dex: 19    Spells: 3/3 levels left

rFire    . . .     SeeInvis .   a - +0 hand axe
rCold    . . .     Gourm    .   (no shield)
rNeg     . . .     Faith    .   o - +0 plate armour
rPois    .         Spirit   .   (no helmet)
rElec    .         Reflect  .   (no cloak)
rCorr    .         Harm     +   (no gloves)
MR       .....                  (no boots)
Stlth    ..........             q - amulet of harm
Regen    0.2/turn               (no ring)
MPRegen  0.1/turn               (no ring)

@: confused, very slow
A: no striking features
a: Bend Time, Renounce Religion


You were on level 2 of the Dungeon.
You worshipped Cheibriados.
Cheibriados was pleased with you.
You were not hungry.

You visited 1 branch of the dungeon, and saw 2 of its levels.

You collected 115 gold pieces.

Inventory:

Hand Weapons
 a - a +0 hand axe (weapon)
 d - a +2 whip of freezing
Armour
 o - a +0 plate armour (worn)
Jewellery
 q - an amulet of harm (around neck)
Scrolls
 e - 3 scrolls of immolation
 g - a scroll of identify {unknown}
 h - a scroll of recharging {unknown}
 k - a scroll of magic mapping {unknown}
 m - a scroll of fog {unknown}
 p - a scroll of blinking {unknown}
 r - a scroll of teleportation {unknown}
Potions
 b - a potion of degeneration {unknown}
 f - a potion of resistance {unknown}
 l - a potion of agility {unknown}
Comestibles
 c - 4 bread rations
 i - 2 meat rations
 j - a royal jelly
 n - a chunk of flesh


   Skills:
 + Level 4.0 Fighting
 * Level 5.9 Axes
 + Level 0.4 Armour
 - Level 2.4 Dodging
 - Level 1.5 Stealth


You had 3 spell levels left.
You didn't know any spells.

Dungeon Overview and Level Annotations

Branches:
Dungeon (2/15)

Altars:
Cheibriados
Elyvilon
Kikubaaqudgha

Annotations:
D:2 Sigmund


Message History

The creatures around you are filled with an inner flame!
It was a scroll of immolation.
Something hits you!
* * * LOW HITPOINT WARNING * * *
You closely miss something. You hit something.
Something hits you but does no damage.
Okay, then.
Unknown command.
Press < or > to pray at altars.
You hit something.
You hear some strange, mumbled words.
You are confused.
You miss something. Something hits you but does no damage.
You bump into the rock wall.
Something hits you.
* * * LOW HITPOINT WARNING * * *
Something hits you but does no damage.
You hear some strange, mumbled words.
A magic dart appears from out of thin air!
The magic dart hits you!
You die...

..@. #..... ...
+..... .. #..... #K
#..... #†## #.....
##{# #..... ##.##
#..... #{## .#
#..... ##@#####.#
###)## ##.#....#
#.# ##.##....## #.#
#.##......# ###'##
##.#......####.....
#.#...............
#....)............
######............
#............


There were no monsters in sight!

Vanquished Creatures
  2 worms (D:2)
  3 dart slugs
  A bat skeleton (D:2)
  3 bat zombies (D:2)
  A giant cockroach (D:1)
  8 goblins
  6 hobgoblins
  A ball python (D:2)
  6 bats
  9 kobolds
  5 rats
45 creatures vanquished.

Notes
Turn   | Place    | Note
-------+----------+-------------------------------------------
     0 | D:1      | renl the Hill Orc Monk began the quest for the Orb.
     0 | D:1      | Reached XP level 1. HP: 19/19 MP: 1/1
   236 | D:1      | Reached XP level 2. HP: 19/27 MP: 2/2
   398 | D:1      | Reached skill level 5 in Axes
   411 | D:1      | Reached XP level 3. HP: 25/33 MP: 3/3
   588 | D:2      | Found a white marble altar of Elyvilon.
   760 | D:2      | Found an ancient bone altar of Kikubaaqudgha.
   987 | D:2      | Found a faded altar of an unknown god.
   996 | D:2      | Became a worshipper of Cheibriados the Contemplative
   996 | D:2      | Reached * piety under Cheibriados
   996 | D:2      | Reached ** piety under Cheibriados
  1000 | D:2      | Noticed Sigmund
  1001 | D:2      | Reached XP level 4. HP: 33/40 MP: 4/4
  1025 | D:2      | HP: 2/40 [something (7)]
  1026 | D:2      | Killed from afar by Sigmund

Skill      XL: |  1  2 |
---------------+-------+-----
Fighting       | 4 |  4.0
Axes           | 5 |  5.9
Armour         | |  0.4
Dodging        | |  2.4
Stealth        | |  1.5

Action                   |  1- 3 |  4- 6 || total
-------------------------+-------+-------++-------
Melee: Hand axe          |   131 |    14 ||   145
  Use: Scroll            |       |     1 ||     1
 Stab: Sleeping          |     1 |       ||     1
  Eat: Chunk             |     1 |       ||     1
Armor: Robe              |     5 |       ||     5
       Plate armour      |    65 |     6 ||    71
Dodge: Dodged            |    51 |     1 ||    52
